 Dungeon Crawl Stone Soup version 0.27-b1-42-g19c61b19a5 (webtiles) character file.

Game seed: 3247021428186771483

30 Sin92 the Skirmisher (level 3, -3/29 HPs)
             Began as a Demonspawn Fighter on July 29, 2021.
             Slain by Robin (5 damage)
             ... on level 2 of the Dungeon.
             The game lasted 00:01:09 (868 turns).

Sin92 the Skirmisher (Demonspawn Fighter)            Turns: 868, Time: 00:01:10

Health: -3/29      AC:  6    Str: 17    XL:     3   Next: 3%
Magic:  3/3        EV:  7    Int:  9    God:
Gold:   47         SH:  9    Dex: 12    Spells: 2/2 levels left

rFire    . . .     SeeInvis .   a - +1 flail
rCold    . . .     Faith    .   c - +1 kite shield
rNeg     . . .     Spirit   .   b - +0 scale mail
rPois    .         Reflect  .   (no helmet)
rElec    .         Harm     .   (no cloak)
rCorr    .         Rampage  .   (no gloves)
Will     .....                  (no boots)
Stlth    ..........             (no amulet)
HPRegen  0.09/turn              (no ring)
MPRegen  0.08/turn              (no ring)

@: mighty
A: claws 1
a: no special abilities


You were on level 2 of the Dungeon.
You visited 1 branch of the dungeon, and saw 2 of its levels.

You collected 47 gold pieces.

Inventory:

Hand Weapons
 a - a +1 flail (weapon)
Armour
 b - a +0 scale mail (worn)
 c - a +1 kite shield (worn)
Scrolls
 g - a scroll of enchant weapon
Potions
 d - a potion of might
 e - a potion of heal wounds {unknown}
 i - a potion of mutation {unknown}


   Skills:
 + Level 3.2 Fighting
 + Level 0.7(1.5) Axes
 + Level 2.1(2.2) Maces & Flails
 + Level 2.8 Armour
 + Level 0.7 Dodging
 + Level 2.9 Shields


You had 2 spell levels left.
You didn't know any spells.
Your spell library contained the following spells:

 Spells                   Type           Power      Damage    Failure   Level
 Freeze                   Ice            0%         1d3       100%        1
 Frozen Ramparts          Ice            0%         1d2       100%        3
 Hailstorm                Conj/Ice       0%         3d3       100%        4


Dungeon Overview and Level Annotations

Branches:
Dungeon (2/15)

Altars:

Annotations:
D:2 Robin


Innate Abilities, Weirdness & Mutations

You have sharp fingernails.


Message History

You block the goblin's attack.
Robin says, "Bow before me, strongest of all the hobgoblins!"
You bludgeon the goblin!!
You kill the goblin!
The goblin shoots a stone.
You block the stone. You block the goblin's attack.
The goblin hits you with a +0 dagger. The goblin hits you with a +0 club.
You barely miss the goblin. The goblin barely misses you.
Robin roars a battlecry!
The goblins go into a battle-frenzy!
You block the goblin's attack.
You sock the goblin!
You kill the goblin!
You block the goblin's attack. The goblin completely misses you.
You thump the goblin!
You kill the goblin!
The goblin hits you with a +0 dagger.
The goblin unwields a +0 hunting sling.
The goblin wields a +0 club.
You block the goblin's attack. The goblin hits you but does no damage.
You have reached level 3!
Your experience leads to an increase in your attributes!
Increase (S)trength, (I)ntelligence, or (D)exterity?
You feel stronger.
You barely miss the goblin. You block Robin's attack.
The goblin hits you with a +0 dagger. The goblin hits you with a +0 club.
Robin hits you from afar with a +0 trident.
* * * LOW HITPOINT WARNING * * *
You sock the goblin!
You kill the goblin!
You block the goblin's attack. Robin hits you but does no damage.
The goblin hits you but does no damage. Robin hits you but does no damage.
You closely miss the hobgoblin. You block the hobgoblin's attack.
The goblin hits you with a +0 dagger.
* * * LOW HITPOINT WARNING * * *
You block Robin's attack. You block the hobgoblin's attack.
Unknown command.
You sock the hobgoblin!
You kill the hobgoblin!
The goblin hits you but does no damage.
Robin hits you from afar with a +0 trident.
You die...

.. #.######### !#
#....Jg@)g#####.#
###..####gg...#.###
# #..=......#
..##g.....(..#
#..gg........#
####.........#
.........<...#
####...>.........
#.........#..#


You could see Robin, an endoplasm, 2 hobgoblins and a goblin (strong).

Vanquished Creatures
  2 bats (D:1)
  2 endoplasms (D:1)
  A giant cockroach (D:1)
  11 goblins
  A hobgoblin (D:2)
  A quokka (D:1)
  2 ball pythons (D:1)
  4 frilled lizards (D:1)
  2 kobolds (D:1)
  3 rats (D:1)
29 creatures vanquished.

Notes
Turn   | Place    | Note
-------+----------+-------------------------------------------
     0 | D:1      | Sin92 the Demonspawn Fighter began the quest for the Orb.
     0 | D:1      | Reached XP level 1. HP: 18/18 MP: 1/1
   448 | D:1      | Gained mutation: You have sharp fingernails. [demonic
                  | ancestry]
   448 | D:1      | Reached XP level 2. HP: 24/24 MP: 2/2
   766 | D:1      | Found a faded altar of an unknown god.
   844 | D:2      | Noticed Robin
   865 | D:2      | Reached XP level 3. HP: 14/29 MP: 3/3
   868 | D:2      | Slain by Robin

Illustrated notes

Levels and vault maps discovered:
D:1:      beargit_arrival_greenhouse, layout_loops_ring,
          dilly_ecumenical_altar_fadedgnrine
D:2:      layout_rooms, corner_web_ring, chequers_big_river, uniq_robin,
          uniq_natasha

Skill      XL: |  1  2 |
---------------+-------+-----
Maces & Flails | 2 |  2.1
Fighting       | |  3.2
Axes           | |  0.7
Armour         | |  2.8
Dodging        | |  0.7
Shields        | |  2.9

Action                   || total
-------------------------++-------
Melee: Flail             ||    63
  Use: Scroll            ||     4
       Potion            ||     1
Armor: Scale mail        ||    38
Dodge: Dodged            ||    21
Block: Kite shield       ||    39
